 Dungeon Crawl Stone Soup version 0.30-a0-172-gc5509c9e31 (webtiles) character file.

Game seed: 12342799373376365993

249 tbh1313 the Cudgeller (level 5, -2/45 HPs)
             Began as a Minotaur Berserker on Oct 2, 2022.
             Was a Believer of Trog.
             Slain by a river rat (5 damage)
             ... on level 3 of the Dungeon.
             The game lasted 00:05:32 (2003 turns).

tbh1313 the Cudgeller (Minotaur Berserker)          Turns: 2003, Time: 00:05:32

Health: -2/45      AC:  4    Str: 21    XL:     5   Next: 87%
Magic:  13/13      EV: 11    Int:  6    God:    Trog [**....]
Gold:   177        SH:  4    Dex: 10    Spells: 4/4 levels left

rFire   . . .      SeeInvis .    a - +3 whip
rCold   . . .      Faith    .    l - +0 buckler
rNeg    . . .      Spirit   .    h - +0 leather armour
rPois   .          Reflect  .    c - +1 hat {Will+}
rElec   .          Harm     .    (no cloak)
rCorr   .          Rampage  .    (no gloves)
Will    +....                    (no boots)
Stlth   +.........               (no amulet)
HPRegen 0.27/turn                n - ring of magical power
MPRegen 0.13/turn                (no ring)

@: hasted, very quick
A: horns 2, retaliatory headbutt
a: Renounce Religion, Berserk, Trog's Hand


You were on level 3 of the Dungeon.
You worshipped Trog.
Trog was pleased with you.
You visited 1 branch of the dungeon, and saw 3 of its levels.

You collected 177 gold pieces.

Inventory:

Hand Weapons
 a - a +3 whip (weapon)
Armour
 c - a +1 hat of willpower (worn)
 h - a +0 leather armour (worn)
 l - a +0 buckler (worn)
Jewellery
 n - a ring of magical power (left hand)
 q - a ring of ice
Scrolls
 i - a scroll of noise
 j - 2 scrolls of vulnerability
 m - a scroll of identify
 r - a scroll of fear
Potions
 b - a potion of lignification
 d - a potion of haste
 e - 2 potions of invisibility {unknown}
 f - a potion of flight {unknown}
 k - a potion of resistance {unknown}
 o - a potion of heal wounds {unknown}
 p - 2 potions of curing {unknown}


   Skills:
 - Level 3.6 Fighting
 - Level 3.9(5.2) Axes
 + Level 5.4(6.1) Maces & Flails
 - Level 2.4 Armour
 - Level 2.1 Dodging
 + Level 3.7 Shields


You had 4 spell levels left.
You didn't know any spells.
Your spell library was empty.

Dungeon Overview and Level Annotations

Branches:
Dungeon (3/15)

Altars:
Sif Muna


Innate Abilities, Weirdness & Mutations

You have a pair of horns on your head.
You reflexively headbutt those who attack you in melee.


Message History

You hit the adder.
You kill the adder!
Trog accepts your kill.
You hit the river rat but do no damage. The river rat bites you.
You closely miss the river rat. You headbutt the river rat.
The river rat is lightly wounded.
The river rat bites you!
You closely miss the river rat.
The river rat is lightly wounded.
The river rat bites you but does no damage.
You barely miss the river rat.
The river rat is lightly wounded.
You hear the rapid rusting of a drain very nearby.
The river rat closely misses you.
Your unstable footing causes you to fumble your attack.
You hit the river rat.
The river rat is heavily wounded.
The river rat bites you!
Your unstable footing causes you to fumble your attack.
The river rat bites you!
You closely miss the river rat.
The river rat is heavily wounded.
The river rat bites you but does no damage.
Your unstable footing causes you to fumble your attack.
The river rat bites you! The river rat attacks as you move away!
The river rat bites you but does no damage.
The river rat attacks as you move away! The river rat barely misses you.
The river rat bites you.
* * * LOW HITPOINT WARNING * * *
The river rat bites you.
* * * LOW HITPOINT WARNING * * *
The river rat attacks as you move away! The river rat bites you.
* * * LOW HITPOINT WARNING * * *
The river rat attacks as you move away! The river rat barely misses you.
The river rat attacks as you move away! The river rat misses you.
The river rat attacks as you move away! The river rat bites you.
* * * LOW HITPOINT WARNING * * *
It was a potion of haste.
You feel yourself speed up. The river rat bites you.
You die...

#.# #... .#!# .
#####.####..##.#.# ..
#.......#......... .
..###.......#.........
..
...............<.....
.. #..................
#.###..................
#....#.....(.†<........
#..@....†.|...÷.....
####
##.r#######)########.
..$.##.....# #.#### #.
##..#.....## #....# ##
#........[.# ####.# #
#....~.....# #)# #
#..~~~~~.~.# #)######
#####~#~#~~# #.)...##
#~~~~~~~~~# ####....


You could see a river rat.

Levels and vault maps discovered:
D:1:      psy_arrival_dodecagon, layout_basic, shapermc_ecumenical_altar_venn
D:2:      layout_basic, basic_altar
D:3:      layout_rooms, zin_scriptorium, lightli_sewer_entry_pipes,
          ebering_dispersal_statue_hall, cheibrodos_gnoll_hut

Notes
Turn   | Place    | Note
-------+----------+-------------------------------------------
     0 | D:1      | tbh1313 the Minotaur Berserker began the quest for the Orb.
     0 | D:1      | Reached XP level 1. HP: 19/19 MP: 0/0
   175 | D:1      | Reached skill level 1 in Maces & Flails
   259 | D:1      | Reached XP level 2. HP: 19/26 MP: 1/1
   317 | D:1      | Reached skill level 2 in Maces & Flails
   610 | D:1      | Found a faded altar of an unknown god.
   869 | D:2      | Reached skill level 3 in Maces & Flails
   872 | D:2      | Reached XP level 3. HP: 29/31 MP: 2/2
   999 | D:2      | Reached ** piety under Trog
  1081 | D:2      | Found a shimmering blue altar of Sif Muna.
  1425 | D:3      | Reached skill level 1 in Shields
  1431 | D:3      | Reached skill level 4 in Maces & Flails
  1431 | D:3      | Reached XP level 4. HP: 21/39 MP: 3/3
  1435 | D:3      | HP: 2/39 [gnoll/+0 whip (5)]
  1791 | D:3      | Reached XP level 5. HP: 45/45 MP: 4/4
  1797 | D:3      | Reached skill level 5 in Maces & Flails
  2001 | D:3      | HP: 3/45 [river rat (6)]
  2003 | D:3      | Slain by a river rat

Table legend: (Time is in decaauts)
 A = Elapsed time spent in this place.
 B = Non-inter-level travel time spent in this place.
 C = Inter-level travel time spent in this place.
 D = Time resting spent in this place.
 E = Time spent auto-exploring this place.
 F = Levels seen in this place.
 G = Mean time per level.
                   A        B        C        D        E       F      G
               +--------+--------+--------+--------+--------+-----+--------+
         Total |   2003 |   1900 |    103 |    300 |   1192 |   3 |  667.7 |
       Dungeon |   2003 |   1900 |    103 |    300 |   1192 |   3 |  667.7 |
               +--------+--------+--------+--------+--------+-----+--------+

Top non-repeatable levels by time:
     D:1: 741 daAuts
     D:2: 717 daAuts
     D:3: 544 daAuts

Table legend:
 A = Kills in this place as a percentage of kills in entire the game.
 B = Kills by you in this place as a percentage of kills by you in the entire game.
 C = Kills by friends in this place as a percentage of kills by friends in the entire game.
 D = Other kills in this place as a percentage of other kills in the entire game.
 E = Experience gained in this place as a percentage of experience gained in the entire game.
 F = Experience gained in this place divided by the number of levels of this place that you have seen.
                   A       B       C       D       E      F
               +-------+-------+-------+-------+-------+----------------------
         Total | 100.0 | 100.0 |   N/A |   N/A | 100.0 | 119.0
       Dungeon | 100.0 | 100.0 |   N/A |   N/A | 100.0 | 119.0
               +-------+-------+-------+-------+-------+----------------------

Action                   |  1- 3 |  4- 6 || total
-------------------------+-------+-------++-------
Melee: Whip              |    71 |    71 ||   142
       Hand axe          |     7 |       ||     7
       Headbutt          |    11 |    10 ||    21
Invok: Berserk           |       |     1 ||     1
       Trog's Hand       |       |     1 ||     1
  Use: Scroll            |     6 |     1 ||     7
       Potion            |       |     2 ||     2
Armor: Leather armour    |    10 |    20 ||    30
       Skin              |       |     4 ||     4
Dodge: Dodged            |    30 |    28 ||    58
Block: Buckler           |     1 |    17 ||    18

Vanquished Creatures
  2 orc priests (D:3)
  An orc wizard (D:3)
  5 adders
  3 gnolls (D:3)
  2 river rats (D:3)
  4 worms
  3 dart slugs
  2 orcs (D:3)
  5 ball pythons
  2 endoplasms
  A giant cockroach (D:2)
  7 goblins
  5 hobgoblins
  8 kobolds
  A quokka (D:3)
  3 bats
  2 frilled lizards
  4 rats
60 creatures vanquished.
